[Event "*** Titled Tuesday Blitz"]
[Site "Chess.com"]
[Date "2020.05.05"]
[Round "7"]
[White "2008king"]
[Black "Titus369"]
[Result "0-1"]
[WhiteElo "2069"]
[BlackElo "2498"]
[TimeControl "180+1"]
[EndTime "11:18:15 PDT"]
[Termination "Titus369 won by resignation"]

1. e4 c5 2. Nf3 d6 3. d4 cxd4 4. Qxd4 Nf6 5. c4 Nc6 6. Qe3 g6 7. Nc3 Bg7 8. Be2 O-O 9. O-O Be6 10. Rd1 Ng4 11. Qd2 Qb6 12. Qe1 Nd4 13. Nxd4 Bxd4 14.
Bxg4 Bxg4 15. Rd3 e5 16. Nd5 Qd8 17. h3 Be6 18. Bh6 Re8 19. Rad1 Qh4 20. Be3 Bxd5 21.
cxd5 Bxb2 22. Rb3 Bd4 23. Bxd4 exd4 24. Rxd4 b6 25. Rc4 Re7 26. Qe2 Rae8 27. f3 Qg5 28.
Rbc3 Qxd5 29. exd5 Rxe2 30. Rc6 Rxa2 31. Rxd6 Ree2 32.
Rc8+ Kg7 33. Rdd8 Rxg2+ 34. Kh1 Rh2+ 35. Kg1 Rag2+ 36. Kf1 Ra2 37. Kg1 Rxh3 38. Rc3 Rg3+ 39. Kh1 Rg5 40. d6 Rd5 41. Rc1 Rad2 42. Rd7 Rxd6 43. Rxa7 Rd1+ 44. Rxd1 Rxd1+ 45. Kg2 Rb1 46. Rb7 g5 47. Kg3 h5 48. f4 Rb3+ 49. Kf2 g4 50. Kg2 h4 51. Kh2 Rb2+ 52. Kg1 g3 53. Rc7 h3 54. Rc1 b5 55. f5 b4 56. Ra1 b3 57.
Re1 Rc2 58. Rb1 b2 0-1

[Event "*** Titled Tuesday Blitz"]
[Site "Chess.com"]
[Date "2020.05.05"]
[Round "7"]
[White "FM_VS99"]
[Black "Zq1"]
[Result "0-1"]
[WhiteElo "2320"]
[BlackElo "2553"]
[TimeControl "180+1"]
[EndTime "11:18:16 PDT"]
[Termination "Zq1 won by resignation"]

1. c4 e6 2. g3 d5 3. Nf3 Nf6 4. Bg2 Be7 5. O-O O-O 6. d4 c6 7. Nc3 b6 8. Nd2 Bb7 9. e4 Nbd7 10. Re1 Rc8 11. b3 dxe4 12. Ndxe4 Nxe4 13. Nxe4 Nf6 14. Nc3 Qc7 15. Bf4 Bd6 16. Bg5 Be7 17. Bf4 Bd6 18.
Bg5 Rfe8 19. Bxf6 gxf6 20. Qf3 Be7 21. Qg4+ Kh8 22. Qh5 Bf8 23. Re4 Bg7 24. Rh4 h6 25. Ne4 f5 26. Nd2 Qe7 27. Nf3 c5 28. Re1 Bxf3 29.
Bxf3 cxd4 30. g4 fxg4 31. Rxg4 Qf6 32. Be4 Rg8 33. Kf1 Rcd8 34. Bd3 Qf3 35. Rxg7 Qxd3+ 36. Re2 Qd1+ 0-1

[Event "*** Titled Tuesday Blitz"]
[Site "Chess.com"]
[Date "2020.05.05"]
[Round "7"]
[White "Superfelix"]
[Black "SHIVACalypso"]
[Result "1-0"]
[WhiteElo "2472"]
[BlackElo "2297"]
[TimeControl "180+1"]
[EndTime "11:18:16 PDT"]
[Termination "Superfelix won by resignation"]

1. e4 e6 2. d4 d5 3. exd5 exd5 4. Bd3 Bd6 5. Nf3 Nf6 6. Nbd2 O-O 7. O-O h6 8. Re1 Be6 9. Nf1 c6 10. Ne3 Qc7 11. Nf5 Bf4 12. Ne7+ Kh8 13. Bxf4 Qxf4 14. Rxe6 Re8 15. Re1 Ne4 16. g3 Qg4 17. Bxe4 dxe4 18.
Ne5 Qxd1 19. Raxd1 Rxe7 20. Rxe4 Kg8 21. Rde1 Nd7 22. Nxd7 Rxd7 23. Re8+ Rxe8 24. Rxe8+ Kh7 25. c3 Kg6 26. Kg2 Kf6 27. Kf3 g6 28. h4 h5 29.
Ke4 Rd5 30. b4 a5 31. a3 axb4 32. axb4 Rb5 33. f4 Rb6 34. Re5 Ra6 35. Ra5 Rb6 36.
Ra8 Ke6 37. Re8+ Kf6 38. Re5 Ra6 39. Ra5 Rb6 40. Kd3 Ke6 41. Kc4 Kd6 42. f5 gxf5 43. Rxf5 Ra6 44. Rxf7 Ra1 45. Rxb7 Rg1 46. Rg7 Rg2 47.
Rg5 Kc7 48. Kc5 Rc2 49. c4 Kd7 50. Rg7+ Kd8 51. d5 cxd5 52. Kxd5 Rd2+ 53. Kc6 Rd4 54. Kc5 Rd3 55. b5 1-0

[Event "*** Titled Tuesday Blitz"]
[Site "Chess.com"]
[Date "2020.05.05"]
[Round "7"]
[White "ThePatrick27"]
[Black "Ceejay271"]
[Result "1-0"]
[WhiteElo "2535"]
[BlackElo "2373"]
[TimeControl "180+1"]
[EndTime "11:18:17 PDT"]
[Termination "ThePatrick27 won by resignation"]

1. d4 Nf6 2. c4 e6 3. Nc3 Bb4 4. Qc2 d5 5. cxd5 Qxd5 6. Nf3 c5 7. Bd2 Bxc3 8. Bxc3 Nc6 9. dxc5 Qxc5 10. Rc1 Bd7 11. e3 Rc8 12. Bxf6 Qxc2 13. Rxc2 gxf6 14. Be2 Ke7 15.
O-O Nb4 16. Rxc8 Rxc8 17. a3 Nd5 18. Bd3 h6 19. h3 e5 20. Rd1 Be6 21. Nh4 Nb6 22.
Nf5+ Bxf5 23. Bxf5 Rd8 24. Rc1 Rd2 25. Rc7+ Kf8 26.
Rxb7 Rxb2 27. Rxa7 Nc4 28. g4 Ra2 29. a4 Ra1+ 30. Kg2 Ra2 31. Kg3 Nd6 32. Bd3 Rd2 33. Bb1 Rb2 34. Bf5 Nxf5+ 35. gxf5 Ra2 36. a5 Kg7 37. a6 Ra4 38. Ra8 Kh7 39. Kf3 Kg7 40. Ke2 Ra2+ 41. Kd3 Rxf2 42. Kc4 Re2 43. Rd8 Ra2 44. Kb5 Rb2+ 45. Kc6 Ra2 46. Kb7 Rb2+ 47. Ka8 h5 48. a7 Ra2 49. Rb8 Kh6 50. Kb7 Kg5 51. a8=Q Rxa8 52. Rxa8 Kxf5 53. Ra4 Kg5 54. Kc6 f5 55. Kd5 f4 56. exf4+ exf4 57. Ke4 f5+ 58. Kf3 Kh4 59. Rxf4+ Kxh3 60. Rxf5 h4 61. Rh5 Kh2 62.
Rxh4+ 1-0

[Event "*** Titled Tuesday Blitz"]
[Site "Chess.com"]
[Date "2020.05.05"]
[Round "7"]
[White "picturesquecheck"]
[Black "Quattroporte300"]
[Result "0-1"]
[WhiteElo "2081"]
[BlackElo "2321"]
[TimeControl "180+1"]
[EndTime "11:18:17 PDT"]
[Termination "Quattroporte300 won by resignation"]

1. e4 e5 2. Nf3 Nc6 3. Bb5 a6 4. Ba4 Nf6 5. O-O Be7 6. Re1 b5 7.
Bb3 O-O 8. a4 Na5 9. axb5 Nxb3 10.
cxb3 Bb7 11. bxa6 d5 12. Nxe5 dxe4 13. axb7 Rxa1 14. Nc6 Qd6 15. Nxe7+ Qxe7 16. Nc3 c5 17. d3 Qxb7 18. dxe4 h6 19. e5 Nd7 20.
Qd5 Qxd5 21. Nxd5 Nxe5 22. Bd2 Rxe1+ 23. Bxe1 Rd8 24. Ne3 Nd3 25. Bc3 Nc1 26. Kf1 Nxb3 27. g3 f6 28. Nc4 Kf7 29. Na3 Nd2+ 30. Kg2 Ne4 31. Ba5 Rb8 32. Nc4 Ke6 33. f3 Ng5 34. h4 Nf7 35. Bc3 Nd6 36. Na5 Nb5 37. Bd2 Rd8 38.
Nc4 Rd4 39. b3 Nd6 40. Be3 Nxc4 41. Bxd4 cxd4 42. bxc4 Kd6 0-1

[Event "*** Titled Tuesday Blitz"]
[Site "Chess.com"]
[Date "2020.05.05"]
[Round "7"]
[White "xamax2000"]
[Black "Stormeman100100"]
[Result "1/2-1/2"]
[WhiteElo "2702"]
[BlackElo "2550"]
[TimeControl "180+1"]
[EndTime "11:18:18 PDT"]
[Termination "Game drawn by repetition"]

1. e4 c5 2. Nf3 d6 3. Bb5+ Nd7 4. d4 cxd4 5. Qxd4 Nf6 6. Nc3 a6 7. Bxd7+ Bxd7 8. Bg5 e6 9. e5 dxe5 10. Nxe5 Bc6 11.
Nxc6 bxc6 12. Qc4 Qb6 13. Bxf6 gxf6 14. O-O-O Be7 15. Ne4 Rb8 16. b3 O-O 17. Qc3 f5 18. Nf6+ Bxf6 19. Qxf6 Rfd8 20. Kb1 Rd5 21. Qg5+ Kh8 22.
Rxd5 cxd5 23. g4 Qxf2 24. Qf6+ Kg8 25. gxf5 exf5 26. Qe5 Rc8 27. Rc1 d4 28. h4 d3 29.
cxd3 Rxc1+ 30. Kxc1 f4 31. d4 f3 32. Qg5+ Kf8 33. Qd8+ Kg7 34. Qg5+ Kf8 35. Qd8+ Kg7 36.
Qg5+ Kf8 1/2-1/2

[Event "*** Titled Tuesday Blitz"]
[Site "Chess.com"]
[Date "2020.05.05"]
[Round "7"]
[White "davidkalashian"]
[Black "neurisdr"]
[Result "0-1"]
[WhiteElo "2538"]
[BlackElo "2781"]
[TimeControl "180+1"]
[EndTime "11:18:18 PDT"]
[Termination "neurisdr won by checkmate"]

1. d4 Nf6 2. c4 e6 3. Nf3 b6 4. g3 Ba6 5. b3 Bb4+ 6. Bd2 Bxd2+ 7. Qxd2 d5 8. Bg2 O-O 9. Ne5 Ne4 10. Qc2 c5 11. dxc5 Qf6 12. f4 Nxc5 13.
cxd5 Bb7 14. Nc3 Nbd7 15. Nxd7 Nxd7 16. O-O Rac8 17. Rac1 Qd4+ 18. Kh1 Nf6 19. Rfd1 Qc5 20. h3 exd5 21. Qd2 Qf2 22. Kh2 d4 23. e4 Qxd2 24.
Rxd2 dxc3 25. Rdc2 Nxe4 26. Bxe4 Bxe4 27. Rxc3 Rxc3 28.
Rxc3 f5 29. Rc7 Rd8 30. g4 Rd2+ 31. Kg3 Rxa2 32. Kh4 fxg4 33. hxg4 Rh2+ 34. Kg3 Rg2+ 35. Kh3 h6 36. Rxa7 Bf3 37. Ra6 Rxg4 38. Rxb6 Rxf4 39. Kg3 Rf7 40. b4 Kh7 41. b5 g5 42. Rb8 h5 43. b6 h4+ 44. Kh2 g4 45. Rd8 Kh6 46. Rd6+ Kg5 47. Rd2 Bb7 48. Rb2 g3+ 49. Kh3 Bc8+ 50.
Kg2 Kg4 51. Rb4+ Rf4 52. b7 h3+ 53. Kg1 Bxb7 54. Rxb7 h2+ 55. Kg2 Rf2+ 56. Kh1 Rf1+ 57. Kg2 Rg1# 0-1

[Event "*** Titled Tuesday Blitz"]
[Site "Chess.com"]
[Date "2020.05.05"]
[Round "7"]
[White "Lion-Al-Messi"]
[Black "Herracek"]
[Result "0-1"]
[WhiteElo "2428"]
[BlackElo "2600"]
[TimeControl "180+1"]
[EndTime "11:18:18 PDT"]
[Termination "Herracek won by resignation"]

1. d4 Nf6 2. Nf3 e6 3. Nc3 d5 4. Bg5 Bb4 5. e3 O-O 6. Bd3 h6 7. Bh4 c5 8. O-O cxd4 9. exd4 Bxc3 10. bxc3 Nbd7 11. Ne5 Qa5 12. Qf3 Nxe5 13. dxe5 Nd7 14.
Be7 Nxe5 15. Qg3 Nxd3 16. Bxf8 Kxf8 17. cxd3 Qxc3 18. Rac1 Qf6 19. Rc7 b6 20. Qd6+ Kg8 21.
Qc6 Qd8 22. Rc1 Ba6 23. Rd7 Qe8 24. d4 Bc4 25. Rc7 Qxc6 26. Rxc6 Bxa2 27. Rc8+ Rxc8 28. Rxc8+ Kh7 29. Ra8 a5 30. Ra6 Bc4 31. Rxb6 a4 32.
Rb7 a3 33. Rxf7 a2 34. Ra7 e5 35. dxe5 d4 36. e6 d3 37. Rxa2 Bxa2 38. Kf1 Bxe6 39. Ke1 Kg6 40. Kd2 Bc4 41. Ke3 Kf5 42. h3 h5 43. g3 g5 44. f3 h4 45. g4+ Ke5 46.
f4+ gxf4+ 47. Kd2 Ke4 48. Ke1 Be6 0-1

[Event "*** Titled Tuesday Blitz"]
[Site "Chess.com"]
[Date "2020.05.05"]
[Round "7"]
[White "hongnhung1234"]
[Black "zubridis"]
[Result "0-1"]
[WhiteElo "2229"]
[BlackElo "2460"]
[TimeControl "180+1"]
[EndTime "11:18:18 PDT"]
[Termination "zubridis won by resignation"]

1. e4 c5 2. Nc3 Nc6 3. f4 e6 4. Nf3 d5 5. Bb5 Ne7 6. exd5 exd5 7. Qe2 f6 8. b3 Kf7 9. Bb2 a6 10. Bxc6 Nxc6 11. O-O-O b5 12. d4 c4 13. Rhe1 Bb4 14. Kb1 Bf5 15. g4 Bxc3 16. Bxc3 Be4 17. Nd2 f5 18.
gxf5 Bxf5 19. Rg1 b4 20. Qg2 g6 21. Ba1 c3 22. Nc4 a5 23. Rde1 a4 24. Ne5+ Nxe5 25. Rxe5 axb3 26. axb3 Qd7 27. Rxd5 Rxa1+ 28. Kxa1 Ra8+ 29. Kb1 Qa7 30. Rxf5+ Kg7 31. Qxa8 Qxa8 32. Re5 Qa3 33. Re7+ Kf6 34. Re6+ Kxe6 0-1

[Event "*** Titled Tuesday Blitz"]
[Site "Chess.com"]
[Date "2020.05.05"]
[Round "7"]
[White "THE_PLAYER6"]
[Black "LivajaM"]
[Result "1-0"]
[WhiteElo "2426"]
[BlackElo "2266"]
[TimeControl "180+1"]
[EndTime "11:18:18 PDT"]
[Termination "THE_PLAYER6 won by resignation"]

1. d4 Nf6 2. c4 c5 3. d5 b5 4. cxb5 a6 5. bxa6 Bxa6 6. Nc3 d6 7. e4 Bxf1 8. Kxf1 g6 9. g3 Nbd7 10. Nf3 Bg7 11. Kg2 O-O 12. a4 Qa5 13. Bd2 Qb4 14. Qe2 Rfb8 15. b3 Qxb3 16. Rhb1 Qc2 17. Ne1 Qxb1 18. Rxb1 Rxb1 19. Nxb1 Rxa4 20. Nc3 Ra3 21. Nc2 Ra8 22. Qb5 Rb8 23. Qa6 Rb2 24. Qa8+ Nf8 25. Qa4 Ng4 26. h3 Ne5 27. Bc1 Rb7 28. Qe8 Nd3 29. Bd2 Rb3 30. Qa4 Rb2 31. Ne2 h6 32. Bc3 Bxc3 33. Nxc3 Rxc2 34. Nb5 Rxf2+ 35. Kg1 Rf3 36. Kg2 Ne5 37. Na7 Rd3 38.
Nc6 Rd2+ 39. Kf1 Nfd7 40. Nxe7+ Kf8 41. Nc6 c4 42. Qb4 Rd1+ 43. Ke2 c3 44. Kxd1 c2+ 45. Kxc2 1-0

[Event "*** Titled Tuesday Blitz"]
[Site "Chess.com"]
[Date "2020.05.05"]
[Round "7"]
[White "Boninknights"]
[Black "mamey78"]
[Result "1-0"]
[WhiteElo "2163"]
[BlackElo "2318"]
[TimeControl "180+1"]
[EndTime "11:18:18 PDT"]
[Termination "Boninknights won on time"]

1. d4 d5 2. Nf3 Nf6 3. c4 c6 4. Qb3 dxc4 5. Qxc4 Bf5 6. Nbd2 e6 7. g3 Be7 8. Bg2 O-O 9. O-O Nbd7 10. Qb3 Qb6 11. Nc4 Qa6 12. Re1 Rac8 13. Bf1 b5 14.
Nce5 c5 15. Nxd7 Nxd7 16. e4 c4 17. Qe3 Bg6 18. a4 b4 19. b3 Nf6 20. Bxc4 Rxc4 21.
bxc4 Bxe4 22. Ne5 Ba8 23. Bb2 Rd8 24. f3 Qb7 25. a5 Bd6 26. a6 Qc7 27. Red1 h5 28.
Rac1 Nd7 29. c5 Bf8 30. c6 Nxe5 31. dxe5 Rxd1+ 32. Rxd1 Qxc6 33. Rd8 Qc2 34. Rxa8 Qxb2 35. Qc5 Qb1+ 36. Kf2 1-0

[Event "*** Titled Tuesday Blitz"]
[Site "Chess.com"]
[Date "2020.05.05"]
[Round "7"]
[White "almatyonelove"]
[Black "VinzentSpitzl"]
[Result "1-0"]
[WhiteElo "2564"]
[BlackElo "2379"]
[TimeControl "180+1"]
[EndTime "11:18:21 PDT"]
[Termination "almatyonelove won by resignation"]

1. d4 d5 2. Nf3 Nf6 3. c4 e6 4.
Nc3 Bb4 5. Bg5 h6 6. Bxf6 Qxf6 7. e3 O-O 8. Qb3 c5 9. cxd5 exd5 10. dxc5 Bxc3+ 11. Qxc3 Qxc3+ 12. bxc3 Be6 13. Bb5 Rc8 14. Nd4 Rxc5 15. Kd2 Bd7 16. Rab1 Bxb5 17. Rxb5 Rxb5 18. Nxb5 Nc6 19. Rb1 b6 20. Nc7 Rd8 21. Rb5 Ne7 22. Na6 f6 23. a4 Kf7 24. a5 Rd6 25. Nb4 Ke6 26. Nc2 Kd7 27. Nd4 Kc7 28. axb6+ Rxb6 29. Ra5 a6 30. Kc2 Kd6 31. g4 g6 32. h4 Nc6 33.
Ne2 Ne5 34. h5 gxh5 35. gxh5 Nc4 36. Ra2 a5 37. Nf4 Ke5 38. Kd3 Nb2+ 39. Ke2 Nc4 40. Kf3 Rb2 41. Nd3+ 1-0

[Event "*** Titled Tuesday Blitz"]
[Site "Chess.com"]
[Date "2020.05.05"]
[Round "7"]
[White "HanSchut"]
[Black "Sesleria"]
[Result "1-0"]
[WhiteElo "2223"]
[BlackElo "2053"]
[TimeControl "180+1"]
[EndTime "11:18:21 PDT"]
[Termination "HanSchut won by resignation"]

1. e4 e5 2. Nf3 Nc6 3. Bc4 Nf6 4. d4 exd4 5. e5 d5 6. Bb5 Ne4 7. Nxd4 Bd7 8. Bxc6 bxc6 9. O-O Be7 10. f3 Ng5 11. f4 Ne4 12. Nc3 Nxc3 13. bxc3 c5 14. Nf3 Bf5 15.
Be3 Qd7 16. Qd2 O-O 17. Qf2 Qc6 18. h3 Rab8 19. g4 Be4 20. f5 Rb2 21. Rac1 Rxa2 22. Ng5 Bxg5 23. Bxg5 f6 24. exf6 gxf6 25. Be3 Rf7 26.
Bxc5 h5 27. g5 fxg5 28. f6 Kh7 29. Bd4 Qe6 30. Kh2 Kh6 31. Be3 Ra5 32. h4 Kg6 33.
hxg5 c5 34. Qg3 Qf5 35. Rxf5 1-0

[Event "*** Titled Tuesday Blitz"]
[Site "Chess.com"]
[Date "2020.05.05"]
[Round "7"]
[White "Man-Chuk"]
[Black "IMRosen"]
[Result "1-0"]
[WhiteElo "2747"]
[BlackElo "2563"]
[TimeControl "180+1"]
[EndTime "11:18:22 PDT"]
[Termination "Man-Chuk won on time"]

1. b3 e5 2. Bb2 Nc6 3. e3 Nf6 4. Bb5 e4 5. Ne2 a6 6. Bxc6 dxc6 7. h3 h5 8. c4 Bf5 9. Qc2 h4 10. Nbc3 Bd6 11. f4 Qe7 12. g4 hxg3 13. Nxg3 Qe6 14. O-O-O O-O-O 15. Nce2 c5 16. Nxf5 Qxf5 17. Ng3 Qe6 18.
Bxf6 Qxf6 19. Nxe4 Qe6 20. h4 Rh5 21. Ng3 Rh7 22.
Qxh7 g6 23. Qg7 Be7 24. Qc3 Bf6 25. Qc2 a5 26. Ne4 Be7 27. Nc3 c6 28. h5 gxh5 29. Rxh5 Qd7 30. Qf5 1-0

[Event "*** Titled Tuesday Blitz"]
[Site "Chess.com"]
[Date "2020.05.05"]
[Round "7"]
[White "LamaChampetre"]
[Black "Charlottemillard17"]
[Result "1-0"]
[WhiteElo "2154"]
[BlackElo "1428"]
[TimeControl "180+1"]
[EndTime "11:18:22 PDT"]
[Termination "LamaChampetre won on time"]

1. d4 d5 2. c4 e6 3. Nf3 Nf6 4. g3 Be7 5. Bg2 c6 6. O-O Nbd7 7. Nbd2 O-O 8. Qc2 h6 9. e4 b6 10. e5 Nh7 11. cxd5 exd5 12. Re1 Bb7 13. Nf1 Rc8 14. h4 c5 15. Qb3 Re8 16. Bd2 Nhf8 17. Rad1 c4 18.
Qc2 Ne6 19. Ne3 b5 20. Nf5 Ndf8 21. Nh2 Ng6 22. Ng4 Bc6 23. Bxh6 gxh6 24. Ngxh6+ Kh7 25. Nxf7 Qd7 26. h5 Ngf8 27. Nxe7+ Kg7 28. Nd6 Rxe7 29. h6+ Kg8 30. Nxc8 Qxc8 31. f4 Rh7 32. Kf2 Rxh6 33. Rh1 Rxh1 34. Rxh1 Nxd4 35. Qd1 Nf5 36. Qg4+ 1-0

[Event "*** Titled Tuesday Blitz"]
[Site "Chess.com"]
[Date "2020.05.05"]
[Round "7"]
[White "Maybe00"]
[Black "DortmundCity"]
[Result "0-1"]
[WhiteElo "2801"]
[BlackElo "2464"]
[TimeControl "180+1"]
[EndTime "11:18:24 PDT"]
[Termination "DortmundCity won on time"]

1. d4 d5 2. c4 c6 3. cxd5 cxd5 4.
Nf3 Nf6 5. Nc3 Nc6 6. Bf4 Qb6 7. a3 Bf5 8. Na4 Qd8 9. e3 Rc8 10. Bb5 Qa5+ 11. Nc3 Ne4 12. O-O Nxc3 13. Bxc6+ Rxc6 14. bxc3 f6 15. Nh4 Bd7 16. Qh5+ Kd8 17. Bg3 g5 18.
Nf3 Be8 19. Qg4 h5 20. Qf5 Bd7 21. Qb1 h4 22. Qxb7 hxg3 23. Qb8+ Rc8 24. Qxg3 Qxc3 25. h3 Qc7 26. Qxc7+ Rxc7 27. Rfb1 e6 28. Ne1 Bd6 29. Nd3 Ke7 30. Nb4 Bxb4 31. axb4 Rb8 32. Ra5 Bb5 33. g3 a6 34. Kg2 Rc2 35. h4 g4 36. h5 Kf7 37. h6 Kg6 38. Rh1 Rh8 39. Raa1 Rxh6 40. Rxh6+ Kxh6 41. Rh1+ Kg7 42. Rh4 f5 43. Rh1 Be2 44.
Ra1 Rb2 45. Kg1 Rxb4 46. Rc1 Kf6 47. Rc8 a5 48. f4 gxf3 49. Kf2 Rb1 50. e4 dxe4 51.
d5 exd5 52. g4 f4 53. g5+ Ke5 54. Re8+ Kd4 0-1

[Event "*** Titled Tuesday Blitz"]
[Site "Chess.com"]
[Date "2020.05.05"]
[Round "7"]
[White "Kingsman132"]
[Black "11kevin"]
[Result "0-1"]
[WhiteElo "2371"]
[BlackElo "2527"]
[TimeControl "180+1"]
[EndTime "11:18:24 PDT"]
[Termination "11kevin won by resignation"]

1. d4 Nf6 2. Bg5 e6 3. Nf3 c5 4. e3 Nc6 5. c3 d5 6. Ne5 Be7 7. Bb5 Bd7 8. Bxc6 Bxc6 9. Nxc6 bxc6 10. O-O O-O 11. Nd2 cxd4 12. exd4 c5 13. dxc5 Bxc5 14.
Qf3 Be7 15. Rfe1 h6 16. Bh4 Qb6 17. Nb3 a5 18. Qe2 Rfe8 19. Kh1 Ne4 20. Bg3 Nxg3+ 21. hxg3 Rab8 22. Rab1 Bf6 23. Qe3 a4 24. Qxb6 Rxb6 25. Nc5 a3 26. bxa3 Rc6 27. Rb5 Bxc3 28. Reb1 Bd4 29. Nd3 Rc3 30. R5b3 Rec8 31. a4 Rc2 32. Rb8 Rxb8 33. Rxb8+ Kh7 34. Nb4 Rc1+ 35. Kh2 Bxf2 36. a5 Rc3 37. a6 Bxg3+ 0-1

[Event "*** Titled Tuesday Blitz"]
[Site "Chess.com"]
[Date "2020.05.05"]
[Round "7"]
[White "drinbet"]
[Black "FMOlexandrProhorov"]
[Result "1-0"]
[WhiteElo "2309"]
[BlackElo "2066"]
[TimeControl "180+1"]
[EndTime "11:18:25 PDT"]
[Termination "drinbet won on time"]

1. e4 c5 2. Nf3 Nc6 3. d4 cxd4 4.
Nxd4 Nf6 5. Nc3 d6 6. Bg5 Qa5 7. Bxf6 gxf6 8. Qd2 Bd7 9. Nb3 Qb6 10. O-O-O e6 11.
Kb1 O-O-O 12. f4 h5 13. g3 Na5 14. Be2 Nxb3 15. axb3 Bc6 16. Rhf1 Bg7 17. f5 Bh6 18.
Qd3 e5 19. Bxh5 Bg5 20. Bxf7 Rxh2 21. Bd5 Qe3 22. Qc4 Qc5 23. Qxc5 dxc5 24. Bxc6 bxc6 25. Rxd8+ Kxd8 26. Rd1+ Kc7 27. Rd3 Rh1+ 28. Ka2 Re1 29. Na4 Rxe4 30. Nxc5 Rg4 31. c4 e4 32. Rd7+ Kb8 33.
Re7 e3 34. Na6+ Ka8 35. Nb4 Rxg3 36. Nxc6 1-0

[Event "*** Titled Tuesday Blitz"]
[Site "Chess.com"]
[Date "2020.05.05"]
[Round "7"]
[White "LiamVrolijk"]
[Black "elohunter1999"]
[Result "0-1"]
[WhiteElo "2738"]
[BlackElo "2542"]
[TimeControl "180+1"]
[EndTime "11:18:26 PDT"]
[Termination "elohunter1999 won by resignation"]

1. d4 Nf6 2. c4 e6 3. Nf3 d5 4.
g3 dxc4 5. Bg2 c5 6. O-O Nc6 7.
dxc5 Qxd1 8. Rxd1 Bxc5 9. Nbd2 c3 10. bxc3 O-O 11. Ne1 Be7 12. Nd3 Bd7 13. Nc4 Rfd8 14. Rb1 b6 15. Nde5 Nxe5 16. Nxe5 Ba4 17. Rxd8+ Rxd8 18. Bg5 h6 19. Bf4 Nd5 20. Bxd5 Rxd5 21. c4 Rc5 22. Rc1 g5 23. Nd3 gxf4 24. Nxc5 Bxc5 25. gxf4 Kg7 26. Kg2 Kf6 27. e4 e5 28. f5 Ke7 29.
Kf3 f6 30. Kg4 Be8 31. Rg1 Bxf2 32. Rg2 Bd4 33. Kh4 Bc6 34. Rg4 Be8 35. Rg7+ Bf7 36.
Kg3 Kf8 37. Rg4 Bxc4 38. Rg6 Ke7 39. Rxh6 Bxa2 40. Rg6 Bf7 41. Rg7 a5 42. Kf3 a4 43.
h4 a3 0-1

[Event "*** Titled Tuesday Blitz"]
[Site "Chess.com"]
[Date "2020.05.05"]
[Round "7"]
[White "Harut-1998"]
[Black "OparinGrigoriy"]
[Result "1/2-1/2"]
[WhiteElo "2743"]
[BlackElo "2925"]
[TimeControl "180+1"]
[EndTime "11:18:27 PDT"]
[Termination "Game drawn by agreement"]

1. d4 Nf6 2. c4 e6 3. g3 d5 4. Nf3 dxc4 5. Bg2 a6 6. O-O Nc6 7. e3 Bd7 8. Qe2 Bd6 9. Qxc4 O-O 10. Nc3 Qe7 11. Bd2 Rad8 12. Rac1 h6 13. a3 e5 14.
dxe5 Nxe5 15. Nxe5 Bxe5 16. Bxb7 Bh3 17. Rfd1 Bg4 18.
Nd5 Nxd5 19. Qxg4 Bxb2 20. Bxd5 Rxd5 21. Bb4 c5 22. Rxd5 cxb4 23. Rc6 bxa3 24. Rd7 Qxd7 25. Qxd7 a2 26. Rxa6 a1=Q+ 27. Rxa1 Bxa1 28. Kg2 Bf6 29. h4 h5 30. Qd5 g6 31. Qb5 Kg7 32. Kf3 Rd8 33.
Qc4 Rd6 34. Ke2 Re6 35. g4 hxg4 36. Qxg4 Re5 1/2-1/2

[Event "*** Titled Tuesday Blitz"]
[Site "Chess.com"]
[Date "2020.05.05"]
[Round "7"]
[White "KoustavChatterjee1"]
[Black "Angry_Twin"]
[Result "1-0"]
[WhiteElo "2603"]
[BlackElo "2817"]
[TimeControl "180+1"]
[EndTime "11:18:28 PDT"]
[Termination "KoustavChatterjee1 won by resignation"]

1. d4 Nf6 2. c4 e6 3. Nc3 Bb4 4. e3 O-O 5. Nf3 c5 6. Bd3 d5 7.
O-O cxd4 8. exd4 dxc4 9. Bxc4 Nbd7 10. Bg5 b6 11. Qe2 Bxc3 12. bxc3 Bb7 13. Bd3 Qc7 14. c4 Rfe8 15. Rfe1 Qd6 16. Rad1 Rac8 17. Bh4 h6 18. Bg3 Qa3 19. Ne5 Qc3 20. Qe3 Qb4 21. Bh4 Nxe5 22.
dxe5 Nd7 23. Bb1 Nf8 24. Bd3 Ba6 25. Bf6 Bxc4 26. Qg3 g6 27. Re4 Qa4 28. Rde1 Qb5 29. Qh4 Kh7 30. Qxh6+ 1-0

[Event "*** Titled Tuesday Blitz"]
[Site "Chess.com"]
[Date "2020.05.05"]
[Round "7"]
[White "KNVB"]
[Black "Megagigahiper3345"]
[Result "0-1"]
[WhiteElo "2752"]
[BlackElo "2553"]
[TimeControl "180+1"]
[EndTime "11:18:29 PDT"]
[Termination "Megagigahiper3345 won on time"]

1. d4 Nf6 2. Bf4 g6 3. Nc3 d5 4.
e3 Bg7 5. h4 h5 6. Nf3 c6 7. Be2 Bg4 8. Ne5 Bxe2 9. Qxe2 Nbd7 10. O-O-O O-O 11. f3 Nxe5 12. Bxe5 Nd7 13. Bxg7 Kxg7 14.
e4 e6 15. g4 Rh8 16. g5 Qc7 17. Qe3 Rhd8 18. Kb1 b5 19. Ne2 a5 20. Nf4 Nb6 21. b3 b4 22. Nd3 Nd7 23. Rc1 Qb6 24. Rhe1 a4 25. Nb2 axb3 26. cxb3 Qa5 27. Kc2 c5 28.
dxc5 Nxc5 29. Qd4+ Kg8 30. Nd3 Qxa2+ 0-1

[Event "*** Titled Tuesday Blitz"]
[Site "Chess.com"]
[Date "2020.05.05"]
[Round "7"]
[White "Spartakus1975"]
[Black "matiss90"]
[Result "1-0"]
[WhiteElo "2749"]
[BlackElo "2520"]
[TimeControl "180+1"]
[EndTime "11:18:29 PDT"]
[Termination "Spartakus1975 won by resignation"]

1. e4 c5 2. c3 Nf6 3. e5 Nd5 4. Nf3 Nc6 5. d4 cxd4 6. cxd4 g6 7. Qb3 e6 8. Nc3 Nxc3 9. bxc3 f6 10. exf6 Qxf6 11.
Bg5 Qf5 12. Rd1 Bg7 13. Bd3 Qd5 14. c4 Qa5+ 15. Bd2 Qb6 16. d5 Qxb3 17. axb3 exd5 18. cxd5 Ne7 19. d6 Nf5 20. O-O O-O 21. Rfe1 h6 22.
Bxf5 Rxf5 23. Rc1 b6 24. Rc7 Rf8 25. Be3 Re8 26. Rec1 g5 27. Bd4 g4 28. Bxg7 Kxg7 29.
Nd4 a5 30. Nf5+ Kg6 31. Ne7+ Rxe7 32. dxe7 Ba6 33. Rc8 1-0

[Event "*** Titled Tuesday Blitz"]
[Site "Chess.com"]
[Date "2020.05.05"]
[Round "7"]
[White "SARGISMV"]
[Black "Usurpov"]
[Result "1-0"]
[WhiteElo "2454"]
[BlackElo "2452"]
[TimeControl "180+1"]
[EndTime "11:18:29 PDT"]
[Termination "SARGISMV won by resignation"]

1. Nf3 Nf6 2. c4 g6 3. Nc3 d5 4. cxd5 Nxd5 5. Qa4+ Nc6 6. Ne5 Qd6 7. Nxc6 Qxc6 8. Qd4 Nf6 9. e4 a6 10. e5 Nd7 11. e6 Qxe6+ 12. Be2 Qe5 13. Qh4 Bg7 14. O-O O-O 15. d4 Qxd4 16. Qxe7 Qc5 17. Qh4 Ne5 18. Be3 Qa5 19. Rfd1 Be6 20. Ne4 f6 21. Nc5 g5 22. Qe4 f5 23. Qc2 Bd5 24. Rxd5 Qb6 25. Rad1 Qg6 26. Nd7 Nxd7 27. Rxd7 Kh8 28. Bd4 Bxd4 29.
R1xd4 1-0

[Event "*** Titled Tuesday Blitz"]
[Site "Chess.com"]
[Date "2020.05.05"]
[Round "7"]
[White "Pittiplatsh"]
[Black "LittlePeasant"]
[Result "0-1"]
[WhiteElo "2531"]
[BlackElo "2757"]
[TimeControl "180+1"]
[EndTime "11:18:30 PDT"]
[Termination "LittlePeasant won by resignation"]

1. e4 c6 2. d4 d5 3. e5 Bf5 4. h4 h5 5. Bd3 Bxd3 6. Qxd3 e6 7.
Bg5 Qa5+ 8. Nd2 Qa6 9. c4 Bb4 10. b3 Ne7 11. Ne2 Nf5 12. Ng3 Nxg3 13. fxg3 Nd7 14.
O-O O-O 15. a3 Bxd2 16. Bxd2 c5 17. dxc5 Nxc5 18. Qe3 Ne4 19. Bb4 Rfd8 20. Qf3 Rd7 21.
Rad1 Qc6 22. cxd5 exd5 23. Kh2 g6 24. Qf4 Re8 25. Rc1 Qe6 26. Rfd1 Qxe5 27. Qxe5 Rxe5 28.
Rc8+ Kh7 29. a4 d4 30. Ba3 Nf2 31. Rf1 Ng4+ 32. Kg1 Re2 33. Bc1 d3 0-1

[Event "*** Titled Tuesday Blitz"]
[Site "Chess.com"]
[Date "2020.05.05"]
[Round "7"]
[White "Oleksandr_Bortnyk"]
[Black "Onischuk_V"]
[Result "1-0"]
[WhiteElo "2997"]
[BlackElo "2749"]
[TimeControl "180+1"]
[EndTime "11:18:31 PDT"]
[Termination "Oleksandr_Bortnyk won on time"]

1. d4 d6 2. Nc3 g6 3. Bf4 Bg7 4.
e3 Nf6 5. h4 Nc6 6. h5 Nxh5 7.
Rxh5 gxh5 8. Qxh5 e6 9. Nf3 Qf6 10. Bd3 h6 11. Bg3 Qe7 12. O-O-O Bd7 13. Bh4 Bf6 14.
d5 Nb4 15. dxe6 Qxe6 16. Bc4 Qxc4 17. Bxf6 Rg8 18. Rd4 Qf1+ 19. Kd2 Qxf2+ 20. Ne2 Bc6 21. Rxb4 Rxg2 22. Ne1 Qxf6 23. Nxg2 Bxg2 24. Qg4 Qg6 25.
Qh4 Bc6 26. Rg4 Qh7 27. Qf6 Bd5 28. Nf4 1-0